 Dungeon Crawl Stone Soup version 0.24.0-1-gfbc8707 (webtiles) character file.

Game seed: 11581975019176712534, levelgen mode: deterministic

14044 Fang the Fighter (level 12, -12/80 HPs)
             Began as a Gargoyle Berserker on Nov 1, 2019.
             Was a High Priest of Trog.
             Mangled by a phantasmal warrior (23 damage)
             ... led by a death knight
             ... on level 11 of the Dungeon.
             The game lasted 00:16:03 (11155 turns).

Fang the Fighter (Gargoyle Berserker)              Turns: 11155, Time: 00:16:04

Health: -12/80     AC: 32    Str: 34    XL:     12   Next: 12%
Magic:  12/12      EV: 12    Int: 13    God:    Trog [*****.]
Gold:   817        SH:  0    Dex:  9    Spells: 11/11 levels left

rFire    + . .     SeeInvis .   g - +4 executioner's axe (freeze)
rCold    + . .     Gourm    .   (shield currently unavailable)
rNeg     + . .     Faith    .   b - +3 plate armour
rPois    ∞         Spirit   .   D - +0 helmet of the Tundras {rElec rPois rC+ Str+4}
rElec    +         Reflect  .   z - +3 cloak of Upsoih {rF+ MR+ Int+4}
rCorr    +         Harm     .   (no gloves)
MR       +....                  (no boots)
Stlth    ..........             x - amulet of regeneration
HPRegen  0.63/turn              B - ring of resist corrosion
MPRegen  0.13/turn              t - +3 ring of evasion

@: mighty, about to teleport
A: negative energy resistance 1, electricity resistance, unbreathing,
petrification resistance, rot immunity, AC +8
a: Berserk, Trog's Hand, Brothers in Arms, Renounce Religion


You were on level 11 of the Dungeon.
You worshipped Trog.
Trog was extremely pleased with you.
You were not hungry.

You visited 2 branches of the dungeon, and saw 12 of its levels.
You also visited: Sewer.

You collected 817 gold pieces.

Inventory:

Hand Weapons
 a - a +4 battleaxe
 g - a +4 executioner's axe of freezing (weapon)
 p - a +3 war axe of electrocution
Armour
 b - a +3 plate armour (worn)
 z - the +3 cloak of Upsoih (worn) {rF+ MR+ Int+4}
   (You found it on level 6 of the Dungeon)

   It affects your intelligence (+4).
   It protects you from fire.
   It affects your resistance to hostile enchantments.
 D - the +0 helmet of the Tundras (worn) {rElec rPois rC+ Str+4}
   (You found it on level 6 of the Dungeon)

   It affects your strength (+4).
   It protects you from cold.
   It insulates you from electricity.
   It protects you from poison.
Jewellery
 i - an uncursed ring of positive energy
 t - a +3 ring of evasion (right hand)
 u - an uncursed ring of ice
 x - an amulet of regeneration (around neck)
 B - a ring of resist corrosion (left hand)
Wands
 d - a wand of paralysis (12)
 o - a wand of scattershot (6)
 v - a wand of iceblast (15)
Scrolls
 e - a scroll of magic mapping
 f - 3 scrolls of identify
 h - 4 scrolls of fear
 j - 3 scrolls of remove curse
 r - 6 scrolls of teleportation
Potions
 k - 6 potions of curing
 m - 2 potions of haste
 n - 3 potions of mutation
 q - 2 potions of berserk rage
 s - 2 potions of might
 C - a potion of heal wounds
Comestibles
 c - 16 rations


   Skills:
 + Level 11.0 Fighting
 + Level 9.3 Axes
 + Level 10.8 Armour
 - Level 3.1 Dodging
 + Level 10.7 Stealth


You had 11 spell levels left.
You didn't know any spells.
Your spell library was empty.

Dungeon Overview and Level Annotations

Branches:
Dungeon (11/15)            Temple (1/1) D:6            Lair (0/6) D:11
  Sewer (visited)
    Orc: D:9-12

Altars:
Ashenzari
Cheibriados
Elyvilon
Fedhas
Gozag
Hepliaklqana
Makhleb
Nemelex Xobeh
Okawaru
Ru
Sif Muna
Trog
Wu Jian
Xom
Yredelemnul
Zin
The Shining One
Beogh

Annotations:
D:3 1 transporter, razzle's ghost, amateur OpAs
D:4 exclusion: oklob plant


Innate Abilities, Weirdness & Mutations

You are resistant to torment.
Your stone body is resilient. (AC +8)
You are immune to poison.
You resist negative energy. (rN+)
You are resistant to electric shocks. (rElec)
You can survive without breathing.
You are immune to petrification.
You are immune to rotting.


Message History

The phantasmal warrior hits you.
The phantasmal warrior blinks!
The death knight hits you with a +0 broad axe.
The phantasmal warrior misses you.
You are too injured to fight recklessly!
You are too injured to fight recklessly!
You are too injured to fight recklessly!
You are too injured to fight recklessly!
You are too injured to fight recklessly!
Okay, then.
As you read the scroll of teleportation, it crumbles to dust.
You feel strangely unstable.
The death knight hits you but does no damage.
The phantasmal warrior hits you!!
* * * LOW HITPOINT WARNING * * *
You feel very mighty all of a sudden.
The phantasmal warrior blinks!
The death knight hits you but does no damage.
The freezing wraith hits you but does no damage.
The freezing wraith misses you. The phantasmal warrior hits you!!
You die...

#..........#
#..........#......
#..........#.....#
#..........#.....# ###
#..>.......#.....# ....
#..........#..§..##....
#..........#...z.......
#..(.......#..pWW......
#)..(..(...'...@W# ####
##..........#.....# ....
..........#.#####'#..#
.....................#
.....................#
...>.........#.......#
.............#.......#
.............#.........
...)....................


You could see a death knight, a skeletal warrior, 2 phantasmal warriors and a
freezing wraith.

Vanquished Creatures
  Fannar (D:11)
  Urug (D:11)
  2 wizards (D:10)
  An unseen horror (D:11)
  Pikel (D:4)
  2 deep elf magi (D:10)
  A cyclops (D:11)
  A queen bee (D:10)
  A troll (D:11)
  2 hornets
  3 hippogriffs
  A wyvern (D:8)
  4 yaks (D:11)
  Grum (D:8)
  4 orc warriors
  2 ice beasts
  4 sky beasts
  A slave (D:4)
  6 ogres
  2 phantoms
  6 wolves
  3 centaurs
  2 crocodiles
  A big kobold (D:9)
  3 bullfrogs
  2 wyvern skeletons
  A scorpion (D:10)
  23 killer bees
  3 electric eels (D:11)
  22 wights
  2 howler monkeys
  4 crimson imps
  4 bullfrog zombies
  8 orc wizards
  3 quasits
  8 hounds
  4 jellies
  2 orc priests
  2 centaur zombies
  2 iguanas (D:9)
  2 centaur skeletons
  9 worker ants
  2 killer bee zombies (D:8)
  Robin (D:3)
  4 gnolls (D:7)
  14 adders
  2 shadow imps
  An ooze (D:3)
  3 worms
  4 leopard geckos
  53 orcs
  16 bats
  2 giant cockroaches
  13 goblins
  11 hobgoblins
  6 jackals
  14 kobolds
  9 quokkas
  2 frilled lizards (D:1)
  13 rats
327 creatures vanquished.

Vanquished Creatures (collateral kills)
  A tengu warrior (D:9)
1 creature vanquished.

Grand Total: 328 creatures vanquished

Notes
Turn   | Place    | Note
-------+----------+-------------------------------------------
     0 | D:1      | Fang the Gargoyle Berserker began the quest for the Orb.
     0 | D:1      | Reached XP level 1. HP: 14/14 MP: 1/1
   259 | D:1      | Reached XP level 2. HP: 11/19 MP: 2/2
   906 | D:1      | Reached XP level 3. HP: 23/23 MP: 3/3
  1194 | D:2      | Found a bloodstained altar of Trog.
  1389 | D:2      | Reached ** piety under Trog
  1702 | D:2      | Found a hazy altar of Hepliaklqana.
  1792 | D:2      | Found a shattered altar of Ashenzari.
  1994 | D:2      | Found a snail-covered altar of Cheibriados.
  1994 | D:2      | Found a shimmering altar of Xom.
  1997 | D:2      | Found a burning altar of Makhleb.
  2051 | D:3      | Found a transporter.
  2111 | D:3      | Reached XP level 4. HP: 17/29 MP: 4/4
  2225 | D:3      | Found a glowing drain.
  2285 | D:3      | Reached skill level 4 in Fighting
  2297 | Sewer    | Entered a sewer
  2720 | Sewer    | Noticed a crocodile
  2732 | Sewer    | Killed a crocodile
  2732 | Sewer    | Reached XP level 5. HP: 17/34 MP: 5/5
  2848 | D:3      | Noticed razzle's ghost (amateur OpAs)
  2851 | D:3      | Noticed an ogre
  2852 | D:3      | Noticed an ogre
  3139 | D:3      | Noticed Robin
  3171 | D:3      | Killed Robin
  3534 | D:3      | Reached *** piety under Trog
  3677 | D:4      | Noticed an ogre
  3685 | D:4      | Killed an ogre
  3685 | D:4      | Reached XP level 6. HP: 7/39 MP: 6/6
  3966 | D:4      | Found an iron altar of Okawaru.
  4066 | D:4      | Noticed a slave
  4070 | D:4      | Noticed a slave
  4071 | D:4      | Noticed a slave
  4072 | D:4      | Noticed a slave
  4074 | D:4      | Noticed Pikel
  4088 | D:4      | Killed a slave
  4091 | D:4      | Killed Pikel
  4091 | D:4      | Reached skill level 5 in Fighting
  4091 | D:4      | Reached skill level 5 in Armour
  4091 | D:4      | Reached XP level 7. HP: 28/45 MP: 7/7
  4207 | D:4      | Reached XP level 8. HP: 33/51 MP: 8/8
  4709 | D:4      | Found a blossoming altar of Fedhas.
  4722 | D:4      | Noticed an oklob plant
  4823 | D:5      | Entered Level 5 of the Dungeon
  4864 | D:5      | Reached skill level 6 in Fighting
  4927 | D:5      | Reached skill level 5 in Axes
  5491 | D:5      | Found a shimmering blue altar of Sif Muna.
  5629 | D:6      | Reached skill level 5 in Stealth
  5629 | D:6      | Reached XP level 9. HP: 39/56 MP: 9/9
  5692 | D:6      | Got a warped cloak
  5698 | D:6      | Identified the +3 cloak of Upsoih {rF+ MR+ Int+4} (You
                  | found it on level 6 of the Dungeon)
  5754 | D:6      | Reached skill level 7 in Fighting
  6021 | D:6      | Found a staircase to the Ecumenical Temple.
  6034 | Temple   | Entered the Ecumenical Temple
  6264 | D:6      | Got an ichor-stained helmet
  6270 | D:6      | Identified the +0 helmet of the Tundras {rElec rPois rC+
                  | Str+4} (You found it on level 6 of the Dungeon)
  6399 | D:7      | Reached **** piety under Trog
  7975 | D:8      | Reached skill level 8 in Fighting
  8048 | D:8      | Noticed a hornet
  8049 | D:8      | Noticed Grum
  8084 | D:8      | Killed a hornet
  8084 | D:8      | Reached XP level 10. HP: 43/64 MP: 10/10
  8140 | D:8      | Killed Grum
  8366 | D:8      | Identified a scroll of acquirement
  8748 | D:9      | Found a sparkling altar of Nemelex Xobeh.
  8792 | D:9      | Reached ***** piety under Trog
  8895 | D:9      | Noticed a tengu warrior
  8940 | D:9      | Killed a tengu warrior
  8940 | D:9      | Reached skill level 9 in Fighting
  9614 | D:10     | Entered Level 10 of the Dungeon
  9891 | D:10     | Reached XP level 11. HP: 71/71 MP: 11/11
 10007 | D:10     | Received a gift from Trog
 10074 | D:10     | Found a roughly hewn altar of Beogh.
 10310 | D:10     | Noticed a wizard
 10313 | D:10     | Noticed a deep elf mage
 10317 | D:10     | Noticed a deep elf mage
 10320 | D:10     | Killed a wizard
 10320 | D:10     | Reached skill level 10 in Fighting
 10322 | D:10     | Killed a deep elf mage
 10325 | D:10     | Killed a deep elf mage
 10410 | D:10     | Noticed a wizard
 10415 | D:10     | Killed a wizard
 10415 | D:10     | Reached skill level 10 in Armour
 10579 | D:11     | Found a staircase to the Lair.
 10601 | D:11     | Reached skill level 10 in Stealth
 10662 | D:11     | Noticed Urug
 10683 | D:11     | Killed Urug
 10744 | D:11     | Killed an unseen horror
 11061 | D:11     | Noticed Fannar
 11075 | D:11     | Killed Fannar
 11075 | D:11     | Reached XP level 12. HP: 79/79 MP: 12/12
 11090 | D:11     | Reached skill level 11 in Fighting
 11147 | D:11     | Noticed a death knight
 11155 | D:11     | Mangled by a phantasmal warrior

Levels and vault maps discovered:
D:1:      minmay_arrival_solitary_statue, layout_basic, nrook_campfire
D:2:      layout_basic, minitemple, chequers_temple_overflow_statue_of_worship,
          first_ration, minmay_misc_feat_hallway, chequers_serial_rivers_room_b,
          serial_bayou_lagoon_a
D:3:      layout_loops_ring, gammafunk_ghost_smash, gup_sewer_entry_glass,
          uniq_robin
D:4:      layout_basic, nicolae_overflow_crystal_walls, tgw_fedhas, uniq_pikel
D:5:      layout_basic, lemuel_blue_sif_altar
D:6:      layout_rooms, minmay_temple_entry_antechambers
D:7:      layout_layer_cave
D:8:      layout_basic, uniq_grum
D:9:      minmay_cornered_nines, layout_stronghold,
          nemelex_xobeh_ov_fountains_minmay
D:10:     layout_roguey [special_room_orc], david_nohive_1,
          bh_hangedman_babel_library
D:11:     layout_stronghold, erik_lair_island, uniq_fannar, uniq_urug
Temple:   eino_narrow_crystal_temple

Skill      XL: |  1  2  3  4  5  6  7  8  9 10 11 12 |
---------------+-------------------------------------+-----
Axes           | 3 4 5 6 8 9 |  9.3
Dodging        | 2 3 |  3.1
Armour         | 3 4 5 6 7 9 10 | 10.8
Fighting       | 4 5 6 8 9 10 11 | 11.0
Stealth        | 2 3 5 7 8 10 | 10.7

Action                   |  1- 3 |  4- 6 |  7- 9 | 10-12 || total
-------------------------+-------+-------+-------+-------++-------
Melee: Hand axe          |   162 |   185 |   555 |    72 ||   974
       Executioner's axe |       |       |       |   430 ||   430
       War axe           |       |       |       |     3 ||     3
Invok: Berserk           |       |     4 |     3 |     3 ||    10
       Trog's Hand       |       |     1 |       |     2 ||     3
       Brothers in Arms  |       |       |       |     1 ||     1
  Use: Scroll            |       |       |     5 |    26 ||    31
       Potion            |       |       |       |     2 ||     2
 Stab: Sleeping          |       |       |     3 |       ||     3
  Eat: Chunk             |     4 |    10 |    13 |    17 ||    44
       Ration            |       |       |     1 |       ||     1
Armor: Animal skin       |    65 |    83 |   104 |       ||   252
       Chain mail        |       |       |   207 |   203 ||   410
       Plate armour      |       |       |       |   491 ||   491
Dodge: Dodged            |   149 |   167 |   568 |   656 ||  1540
